 Dungeon Crawl Stone Soup version 0.23.2 (webtiles) character file.

Game seed: 10822510305105338841

82 JaketheDog the Skirmisher (level 4, 0/41 HPs)
             Began as a Hill Orc Fighter on Apr 17, 2019.
             Slain by a white imp (5 damage)
             ... summoned by Natasha
             ... on level 2 of the Dungeon on Apr 18, 2019.
             The game lasted 00:21:33 (2582 turns).

JaketheDog the Skirmisher (Hill Orc Fighter)        Turns: 2582, Time: 00:21:34

Health: 0/41       AC:  4    Str: 19    XL:     4   Next: 43%
Magic:  4/4        EV:  9    Int:  8    God:
Gold:   75         SH:  9    Dex: 10    Spells: 3/3 levels left

rFire    . . .     SeeInvis .   m - +0 long sword
rCold    . . .     Gourm    .   c - +0 shield
rNeg     . . .     Faith    .   n - +0 leather armour (curse)
rPois    .         Spirit   .   a - +0 helmet
rElec    .         Reflect  .   (no cloak)
rCorr    .         Harm     .   (no gloves)
MR       .....                  (no boots)
Stlth    +.........             (no amulet)
HPRegen  0.13/turn              (no ring)
MPRegen  0.09/turn              (no ring)

@: slowed, very slow
A: no striking features
a: no special abilities


You were on level 2 of the Dungeon.
You were not hungry.

You visited 1 branch of the dungeon, and saw 2 of its levels.

You collected 75 gold pieces.

Inventory:

Hand Weapons
 m - a +0 long sword (weapon)
Armour
 a - a +0 helmet (worn)
 c - a +0 shield (worn)
 n - a cursed +0 leather armour (worn)
Scrolls
 g - 2 scrolls of teleportation {unknown}
 j - 3 scrolls of identify {unknown}
 l - a scroll of remove curse {unknown}
Potions
 d - a potion of might
 e - 2 potions of degeneration {unknown}
 i - a potion of resistance {unknown}
Comestibles
 f - 7 rations


   Skills:
 + Level 4.3 Fighting
 + Level 2.7 Long Blades
 + Level 3.7 Armour
 + Level 0.5 Dodging
 + Level 0.3 Stealth
 + Level 4.2 Shields


You had 3 spell levels left.
You didn't know any spells.
Your spell library was empty.

Dungeon Overview and Level Annotations

Branches:
Dungeon (2/15)

Altars:
Makhleb

Annotations:
D:2 Natasha


Message History

* * * LOW HITPOINT WARNING * * *
You hit the leopard gecko but do no damage.
The leopard gecko is almost dead.
You block the leopard gecko's attack.
Natasha mumbles some strange words.
You block the leopard gecko's attack.
You closely miss the leopard gecko.
The leopard gecko is almost dead.
The leopard gecko bites you.
* * * LOW HITPOINT WARNING * * *
The leopard gecko closely misses you. The leopard gecko bites you.
* * * LOW HITPOINT WARNING * * *
Natasha mumbles some strange words.
Natasha mumbles some strange words.
The leopard gecko misses you.
The leopard gecko bites you but does no damage.
The white imp hits you.
* * * LOW HITPOINT WARNING * * *
The white imp freezes you.
You die...

##.###.#.#######....####........
##...##.#.# ##...## #.....†<
..._......# ##...## ##.....#
##...###.## ##..8.# ......#
###.## #.# #..⌠..#.# ###..#
###.# #.# #...8.#.# #..
.(..####.# #.#...#.# #.
###).....# #...###.# #
##..###.## #####@###.# #
........# #....l5h#.###.#..
######### #.###.#.#........ #.#
#5..5.....# #.# ###.####### #.#
#.# #.#####.# #.......#
#########


You could see Natasha, a crimson imp, a white imp, a shadow imp and a leopard
gecko.

Vanquished Creatures
  4 adders
  2 worms (D:2)
  3 dart slugs
  5 bats
  3 giant cockroaches (D:2)
  2 goblins (D:2)
  5 hobgoblins
  2 jackals (D:1)
  5 frilled lizards
  4 kobolds
  3 rats
  A bush (D:1)
  5 plants (D:1)
44 creatures vanquished.

Notes
Turn   | Place    | Note
-------+----------+-------------------------------------------
     0 | D:1      | JaketheDog the Hill Orc Fighter began the quest for the
                  | Orb.
     0 | D:1      | Reached XP level 1. HP: 19/19 MP: 1/1
   628 | D:1      | Reached XP level 2. HP: 24/27 MP: 2/2
  1844 | D:2      | Reached XP level 3. HP: 9/33 MP: 3/3
  2297 | D:2      | Reached XP level 4. HP: 22/40 MP: 4/4
  2382 | D:2      | Found a burning altar of Makhleb.
  2567 | D:2      | Noticed Natasha
  2582 | D:2      | Slain by a white imp

Skill      XL: |  1  2  3 |
---------------+----------+-----
Fighting       | 4 |  4.3
Shields        | 4 |  4.2
Long Blades    | |  2.7
Armour         | |  3.7
Dodging        | |  0.5
Stealth        | |  0.3

Action                   |  1- 3 |  4- 6 || total
-------------------------+-------+-------++-------
Melee: Long sword        |   357 |    36 ||   393
  Eat: Ration            |     2 |       ||     2
Armor: Scale mail        |    35 |       ||    35
       Leather armour    |    20 |    10 ||    30
Dodge: Dodged            |    47 |    24 ||    71
Block: Shield            |    80 |    19 ||    99
       Rpst.: Long sword |     8 |     7 ||    15
